 Dungeon Crawl Stone Soup version 0.17-a0-1519-g2001520 (webtiles) character file.

17011 Chiseanne the Fighter (level 12, -2/98 HPs)
             Began as a Mummy Artificer on July 13, 2015.
             Was a High Priest of Dithmenos.
             Slain by Maud
             ... wielding a +1 demon trident of venom
              (20 damage)
             ... on level 11 of the Dungeon.
             The game lasted 00:52:28 (16199 turns).

Chiseanne the Fighter (Mummy Artificer)            Turns: 16199, Time: 00:52:28

Health: -2/98      AC: 21    Str: 16    XL:     12   Next: 15%
Magic:  0/18       EV: 10    Int: 13    God:    Dithmenos [*****.]
Gold:   223        SH: 11    Dex: 14    Spells: 0 memorised, 11 levels left

rFire  + . .     SeeInvis .     s - +1 hand axe (elec)
rCold  + . .     Clarity  .     x - +3 scale mail {rF+}
rNeg   + + +     SustAt   .     J - +2 shield {AC+3}
rPois  ∞         Gourm    .     e - +1 helmet
rElec  .         Spirit   +     D - +0 cloak {+Inv}
rCorr  .         Warding  .     m - +0 pair of gloves
rMut   .         Stasis   .     i - +1 pair of boots
MR     ++...                    r - amulet of guardian spirit
Stlth  +++.......               n - ring of protection from magic
                                K - ring of protection from fire

@: wreathed by umbra, very resistant to hostile enchantments, fairly stealthy
A: no food or potions, fire vulnerability, cold resistance 1, negative energy
resistance 3, torment resistance, unbreathing
a: Shadow Step, Shadow Form, Renounce Religion, Evoke Invisibility


You were on level 11 of the Dungeon.
You worshipped Dithmenos.
Dithmenos was extremely pleased with you.
You were not hungry.

You visited 2 branches of the dungeon, and saw 13 of its levels.

You collected 717 gold pieces.
You spent 494 gold pieces at shops.

Inventory:

Hand weapons
 a - a +4 short sword of venom
 d - a +0 hand axe of venom
 s - a +1 hand axe of electrocution (weapon)
 w - a +0 blowgun
Missiles
 b - 47 poisoned needles
 f - 3 tomahawks of returning (quivered)
 g - 9 bolts of frost
 h - 97 sling bullets
 k - 5 tomahawks
 q - 25 bolts
 t - a throwing net
 u - 11 sling bullets of frost
Armour
 e - a +1 helmet (worn)
 i - a +1 pair of boots (worn)
 m - a +0 pair of gloves (worn)
 p - a +2 robe of magic resistance
 x - a +3 scale mail of fire resistance (worn)
 y - the +0 chain mail of Qitrekle {Str-2 Int+8}
   (You found it on level 7 of the Dungeon)

   It affects your strength (-2).
   It affects your intelligence (+8).
 D - a +0 cloak of invisibility (worn)
 J - a +2 shield of protection (worn)
Jewellery
 j - an uncursed ring of flight
 l - a +4 ring of dexterity
 n - a ring of protection from magic (right hand)
 r - an amulet of guardian spirit (around neck)
 G - the ring "Holimn" {MR+ Int+6 Dex-4}
   (You found it on level 1 of the Lair of Beasts)

   [ring of protection from magic]

   It affects your intelligence (+6).
   It affects your dexterity (-4).
   It affects your resistance to hostile enchantments.
 K - a ring of protection from fire (left hand)
Magical devices
 A - a wand of teleportation (4)
Scrolls
 z - 3 scrolls of identify
 C - a scroll of teleportation
 E - 4 scrolls of remove curse
 I - a scroll of recharging
Books
 c - a book of Frost

   Spells                             Type                      Level
   a - Freeze                         Ice                          1
   b - Throw Frost                    Conjuration/Ice              2
   c - Ozocubu's Armour               Charms/Ice                   3
   d - Throw Icicle                   Conjuration/Ice              4
   e - Summon Ice Beast               Ice/Summoning                4
   f - Condensation Shield            Ice                          4
 o - an Akashic Record

   Spells                             Type                      Level
   a - Dispersal                      Translocation                6
   b - Controlled Blink               Translocation                7
   c - Malign Gateway                 Summoning/Translocation      7
   d - Disjunction                    Translocation                8
 F - Qany Femm's Papyrus of Combat Magic
   (You found it on level 9 of the Dungeon)

   Spells                             Type                      Level
   a - Throw Flame                    Conjuration/Fire             2
   b - Iskenderun's Mystic Blast      Conjuration                  4
   c - Throw Icicle                   Conjuration/Ice              4
   d - Force Lance                    Conjuration/Translocation    4
   e - Poisonous Cloud                Conjuration/Poison/Air       6
 H - a book of Dreams

   Spells                             Type                      Level
   a - Ensorcelled Hibernation        Hexes/Ice                    2
   b - Phase Shift                    Translocation                5
   c - Shadow Creatures               Summoning                    5
   d - Silence                        Hexes/Air                    5
   e - Mass Confusion                 Hexes                        6
   f - Darkness                       Hexes                        7


   Skills:
 - Level 10.4 Fighting
 - Level 0.7 Short Blades
 * Level 0.1 Axes
 + Level 8.4 Armour
 - Level 5.7 Dodging
 + Level 5.7 Stealth
 * Level 3.4 Shields
 + Level 8.6 Evocations


You had 11 spell levels left.
You didn't know any spells.

Dungeon Overview and Level Annotations

Branches:
Dungeon (11/15)            Temple (0/1) D:7            Lair (2/8) D:10
    Orc (0/4) D:9

Altars:
Cheibriados
Dithmenos
Elyvilon
Fedhas
Makhleb
Nemelex Xobeh
Qazlal
Trog
Vehumet
Yredelemnul

Shops:
D:8 [

Annotations:
D:11 Maud


Innate Abilities, Weirdness & Mutations

You do not eat or drink.
Your flesh is vulnerable to fire.
You are immune to poison.
Your flesh is cold resistant.
You are immune to negative energy.
You are immune to unholy pain and torment.
You can survive without breathing.


Message History

Your +4 short sword of venom stops dripping with poison.
You hear the crackle of electricity.
s - a +1 hand axe of electrocution (weapon)
Your shield and scale mail prevent you from hitting Maud.
Maud is heavily wounded.
Your shadow hits Maud but does no damage.
You block Maud's attack.
Your shield and scale mail prevent you from hitting Maud.
Maud is heavily wounded.
Your shadow closely misses Maud.
Maud hits you with a demon trident of venom.
You hit Maud.
Maud is severely wounded.
Your shadow barely misses Maud.
Maud closely misses you.
Maud hits you with a demon trident of venom!!
* * * LOW HITPOINT WARNING * * *
You hit Maud but do no damage.
There is a sudden explosion of sparks!
Maud is severely wounded.
Maud hits you with a demon trident of venom!!
You die...

.... ####... ..(...# ......
..###########......# ....#
#.#.........#(.....# ....#
#.#..)......#(.....# ....#
#.#.........#(.....# ....#
#.#..(......#......### ....#
#.####'######........# ....#
#.......@@...........# ....#
#..##########........# ....#
#..#........#........#
....#####..#........#........#
...........#........#........#
#########'##........'........#
.......).......######........#
......######...# ..........<.#
......'....#...###...........#


You could see Maud.

Vanquished Creatures
  Gastronok (Lair:1)
  Josephine (D:11)
  Erolcha (D:10)
  A cyclops (D:11)
  A griffon (Lair:2)
  An ugly thing (D:11)
  4 spiny frogs (Lair:1)
  2 komodo dragons (Lair:1)
  4 blink frogs (Lair:1)
  5 wraiths (D:11)
  A basilisk (Lair:1)
  12 yaks
  Eustachio (D:5)
  A hippogriff (D:8)
  A spriggan (D:10)
  A steam dragon (D:10)
  Menkaure (D:7)
  6 swamp worms (Lair:1)
  3 water moccasins
  2 black bears
  6 ogres
  3 ice beasts
  6 orc warriors
  3 porcupines (Lair:1)
  5 orc priests
  A sky beast (D:10)
  A phantom (D:4)
  An eye of draining (D:10)
  8 centaurs
  2 big kobolds (D:10)
  3 crocodiles
  A brain worm (Lair:1)
  8 giant frogs
  A wyvern skeleton (D:10)
  A water moccasin zombie (D:10)
  3 scorpions
  3 electric eels (D:9)
  3 killer bees (D:11)
  3 wights (D:10)
  4 crimson imps
  12 hounds
  A jelly (D:10)
  14 orc wizards
  4 worker ants
  2 iguanas
  2 hound skeletons
  A worker ant zombie (D:5)
  9 adders
  3 shadow imps
  An adder zombie (D:6)
  2 adder skeletons (D:5)
  17 worms
  3 giant geckos
  46 orcs
  A bat skeleton (D:6)
  5 giant cockroaches
  11 goblins
  9 hobgoblins
  27 kobolds
  5 quokkas
  18 bats
  A giant gecko zombie (D:6)
  7 giant newts
  9 jackals
  A jackal skeleton (D:8)
  A quokka skeleton (D:4)
  11 rats
339 creatures vanquished.

Vanquished Creatures (collateral kills)
  2 yaks (D:9)
  An orc warrior (D:9)
  An orc priest (D:9)
  A shadow imp (D:8)
  6 orcs
  A hobgoblin (D:1)
  A bat (D:3)
  2 rats (D:1)
15 creatures vanquished.

Vanquished Creatures (others)
  2 orc warriors
  A giant frog skeleton (D:4)
  A giant gecko (D:1)
  3 orcs
  2 kobolds (D:1)
  8 fungi (Lair:1)
  8 plants (Lair:1)
25 creatures vanquished.

Grand Total: 379 creatures vanquished

Notes
Turn   | Place    | Note
--------------------------------------------------------------
     0 | D:1      | Chiseanne the Mummy Artificer began the quest for the Orb.
     0 | D:1      | Reached XP level 1. HP: 15/15 MP: 2/2
   340 | D:1      | Reached XP level 2. HP: 11/21 MP: 4/4
  1240 | D:2      | Found a faded altar to an unknown god.
  1260 | D:2      | Became a worshipper of Dithmenos the Shadowed
  1449 | D:2      | Reached XP level 3. HP: 24/26 MP: 5/5
  1508 | D:2      | Reached skill level 3 in Evocations
  2217 | D:3      | Acquired Dithmenos's first power
  2223 | D:3      | Reached XP level 4. HP: 24/33 MP: 6/6
  2313 | D:3      | Found a burning altar of Makhleb.
  2702 | D:3      | Found a blossoming altar of Fedhas.
  2864 | D:3      | Noticed an orc warrior
  2895 | D:3      | an orc warrior (ally) was killed
  2895 | D:3      | Reached XP level 5. HP: 25/41 MP: 7/7
  2908 | D:3      | Reached XP level 6. HP: 11/47 MP: 8/8
  3358 | D:4      | Reached skill level 4 in Evocations
  3452 | D:4      | Acquired Dithmenos's second power
  3627 | D:4      | Found a radiant altar of Vehumet.
  3627 | D:4      | Found a basalt altar of Yredelemnul.
  3724 | D:4      | Reached XP level 7. HP: 52/54 MP: 10/10
  3990 | D:5      | Entered Level 5 of the Dungeon
  4254 | D:5      | Found a snail-covered altar of Cheibriados.
  4566 | D:5      | Noticed Eustachio
  4583 | D:5      | Killed Eustachio
  4583 | D:5      | Reached skill level 5 in Fighting
  4583 | D:5      | Reached skill level 5 in Evocations
  4740 | D:5      | Reached XP level 8. HP: 55/62 MP: 11/11
  5105 | D:6      | Found a snail-covered altar of Cheibriados.
  5153 | D:6      | Reached skill level 5 in Dodging
  5375 | D:6      | Acquired Dithmenos's third power
  5511 | D:6      | Reached skill level 6 in Fighting
  5898 | D:7      | Got a faintly humming chain mail
  5914 | D:7      | Identified the cursed +0 chain mail of Qitrekle {Str-2 Int+8} (You found it on level 7 of the Dungeon)
  6051 | D:7      | Reached skill level 1 in Armour
  6175 | D:7      | Found a stormy altar of Qazlal.
  6184 | D:7      | Found a bloodstained altar of Trog.
  6212 | D:7      | Noticed Menkaure
  6222 | D:7      | Killed Menkaure
  6222 | D:7      | Reached XP level 9. HP: 52/71 MP: 13/13
  6867 | D:7      | Reached skill level 7 in Fighting
  7097 | D:7      | Found a staircase to the Ecumenical Temple.
  7521 | D:8      | Found Hutumeur's Armour Shoppe.
  7526 | D:8      | Bought a +0 cloak of invisibility for 172 gold pieces
  7751 | D:9      | Reached skill level 1 in Stealth
  7809 | D:9      | Found a sparkling altar of Nemelex Xobeh.
  8054 | D:9      | Reached skill level 5 in Armour
  8062 | D:9      | Reached XP level 10. HP: 67/80 MP: 15/15
  8089 | D:9      | Found a white marble altar of Elyvilon.
  8102 | D:9      | Identified Qany Femm's Papyrus of Combat Magic
  8255 | D:8      | Reached skill level 8 in Fighting
  8794 | D:9      | Acquired Dithmenos's fourth power
  9480 | D:9      | Found a shadowy altar of Dithmenos.
  9613 | D:9      | Found a staircase to the Orcish Mines.
  9654 | D:10     | Entered Level 10 of the Dungeon
  9654 | D:10     | Found a staircase to the Lair.
  9657 | Lair:1   | Entered Level 1 of the Lair of Beasts
 10201 | Lair:1   | Got a translucent marble ring
 10208 | Lair:1   | Identified the ring "Holimn" {MR+ Int+6 Dex-4} (You found it on level 1 of the Lair of Beasts)
 10268 | Lair:1   | Noticed Gastronok
 10293 | Lair:1   | Killed Gastronok
 10556 | Lair:1   | Reached XP level 11. HP: 83/87 MP: 16/16
 12080 | Lair:1   | Reached skill level 9 in Fighting
 13648 | Lair:2   | Reached skill level 5 in Stealth
 13926 | D:8      | Bought a +2 shield of protection for 322 gold pieces
 14447 | D:10     | Reached skill level 1 in Shields
 15144 | D:11     | Noticed Erolcha
 15189 | D:10     | Killed Erolcha
 15270 | D:11     | Noticed Josephine
 15295 | D:11     | Killed Josephine
 15295 | D:11     | Reached skill level 10 in Fighting
 15301 | D:11     | Reached XP level 12. HP: 20/97 MP: 4/18
 15643 | D:11     | Noticed Maud
 16199 | D:11     | Slain by Maud

Vault maps used:
D:1:      minmay_arrival_radiant_lines, minmay_misc_feat_tiny,
          minmay_misc_feat_alley
D:2:      ecumenical_altar_2, minmay_quantized
D:3:      nicolae_overflow_crystal_walls, fedhas_altar_4
D:4:      vehumet_altar_wand_db, yredelemnul_altar_generic
D:5:      kennysheep_mini_moat, first_bread, uniq_eustachio
D:6:      enter_ossuary_3, cheibriados_altar_1
D:7:      grunt_qazlal_sundering, minmay_temple_entry_nine_rooms,
          trog_three_pillars_becter, uniq_menkaure
D:8:      serial_shops, kennysheep_little_box
D:9:      overflow_temple_1_default, lemuel_coloured_pillars_altar, david_orc_4,
          elyvilon_altar_3
D:10:     lair_0_dummy, grunt_pizzeria
D:11:     uniq_maud, uniq_josephine, uniq_erolcha
Lair:1:   worms_lemuel, uniq_gastronok
Lair:2:   wad_woods_pond, uniq_sonja

Action                   |  1- 3 |  4- 6 |  7- 9 | 10-12 || total
-------------------------+-------+-------+-------+-------++-------
Melee: Short sword       |   138 |   130 |   460 |   531 ||  1259
       Whip              |       |       |    10 |       ||    10
       Hand axe          |       |       |       |   182 ||   182
 Fire: Blowgun           |       |     3 |     4 |    39 ||    46
Throw: Tomahawk          |       |       |    15 |    10 ||    25
Evoke: Wand              |     5 |     4 |    29 |    11 ||    49
  Use: Scroll            |     7 |     3 |     6 |    11 ||    27
 Stab: Sleeping          |       |       |     5 |     7 ||    12
       Distracted        |       |       |       |     3 ||     3
